 Dungeon Crawl Stone Soup version 0.18-a0-1784-ga939a68 (webtiles) character file.

147 Lovchig the Insei (level 5, -5/41 HPs)
             Began as a Vampire Monk on Apr 18, 2016.
             Slain by an ice beast (7 damage)
             ... on level 3 of the Dungeon.
             The game lasted 00:11:06 (2516 turns).

Lovchig the Insei (Vampire Monk)                    Turns: 2516, Time: 00:11:07

Health: -5/41      AC:  2    Str: 10    XL:     5   Next: 8%
Magic:  5/5        EV: 14    Int: 13    God:
Gold:   85         SH:  0    Dex: 17    Spells: 0 memorised, 4 levels left

rFire  . . .     SeeInvis +       - Unarmed
rCold  . . .     Gourm    .     a - +0 robe
rNeg   . . .     Faith    .     (no shield)
rPois  +         Spirit   .     (no helmet)
rElec  .         Dismiss  .     (no cloak)
rCorr  .         Reflect  .     (no gloves)
SustAt .         Harm     .     (no boots)
MR     .....                    (no amulet)
Stlth  ++++......               e - ring of poison resistance
                                d - ring of stealth

@: regenerating quickly, not resistant to hostile enchantments, stealthy
A: fangs 3, see invisible, unbreathing
a: no special abilities


You were on level 3 of the Dungeon.
You were very full.

You visited 1 branch of the dungeon, and saw 3 of its levels.

You collected 85 gold pieces.

Inventory:

Hand Weapons
 l - a +1 hunting sling of flaming
Armour
 a - a +0 robe (worn)
Jewellery
 d - a ring of stealth (left hand)
 e - a ring of poison resistance (right hand)
Scrolls
 b - a scroll of magic mapping {unknown}
 c - 2 scrolls of identify {unknown}
 j - a scroll of teleportation {unknown}
 k - a scroll of enchant weapon {unknown}
 p - a scroll of enchant armour {unknown}
 q - a scroll of fear {unknown}
Potions
 f - a potion of haste {unknown}
 g - a potion of might {unknown}
 h - a potion of invisibility {unknown}
 i - a potion of cure mutation {unknown}
 m - a potion of magic {unknown}
 n - a potion of agility {unknown}
 o - a potion of flight {unknown}
Books
 r - an Akashic Record

   Spells                             Type                      Level
   a - Dispersal                      Translocation                6
   b - Malign Gateway                 Summoning/Translocation      7
   c - Disjunction                    Translocation                8
   d - Controlled Blink               Translocation                8


   Skills:
 * Level 3.1 Fighting
 * Level 4.3 Dodging
 * Level 4.2 Stealth
 * Level 5.7 Unarmed Combat


You had 4 spell levels left.
You didn't know any spells.

Dungeon Overview and Level Annotations

Branches:
Dungeon (3/15)

Altars:


Innate Abilities, Weirdness & Mutations

Your natural rate of healing is unusually fast.
You have razor-sharp teeth.
You have supernaturally acute eyesight.
You can survive without breathing.


Message History

You barely miss the ice beast.
The ice beast is heavily wounded.
You hit the ice beast but do no damage.
The ice beast is heavily wounded.
The ice beast closely misses you.
You barely miss the ice beast.
The ice beast is heavily wounded.
The ice beast misses you.
You closely miss the ice beast.
The ice beast is heavily wounded.
The ice beast hits you but does no damage.
You hit the ice beast.
The ice beast is severely wounded.
The ice beast barely misses you.
You hit the ice beast.
The ice beast is almost dead.
The ice beast hits you.
* * * LOW HITPOINT WARNING * * *
The ice beast freezes you!
You die...

#.# #.#
########## #.#
#......... #.#
#.######## #.#
#.# #. #.# #.#
#. #Y# #.# ####.
######@#######.#
#....
#...........##.#
#.##.
#.####.####.##.#
#.##.
........##.#
#.##.
..........##.#
#....
#.####.#.#..##.#
#.### #
#..#.#..##.# #.#
#....)..##.# #.#
#.##.#..#.#.#
#.###


You could see an ice beast.

Vanquished Creatures
  Jessica (D:2)
  4 gnolls (D:2)
  2 adders
  A worm (D:3)
  A dart slug (D:1)
  3 giant geckos
  An orc (D:3)
  A ball python (D:3)
  6 bats
  4 giant cockroaches
  4 goblins
  11 hobgoblins
  2 quokkas (D:2)
  2 giant newts (D:1)
  5 kobolds
  7 rats
55 creatures vanquished.

Notes
Turn   | Place    | Note
--------------------------------------------------------------
     0 | D:1      | Lovchig the Vampire Monk began the quest for the Orb.
     0 | D:1      | Reached XP level 1. HP: 17/17 MP: 1/1
   163 | D:1      | Reached XP level 2. HP: 15/23 MP: 2/2
   815 | D:2      | Reached XP level 3. HP: 28/28 MP: 3/3
   902 | D:2      | Noticed Jessica
   913 | D:2      | Killed Jessica
   913 | D:2      | Reached skill level 5 in Unarmed Combat
  1228 | D:2      | Reached XP level 4. HP: 10/34 MP: 4/4
  2376 | D:3      | Reached XP level 5. HP: 41/41 MP: 5/5
  2504 | D:3      | Noticed an ice beast
  2516 | D:3      | HP: 2/41 [ice beast (2)]
  2516 | D:3      | Slain by an ice beast

Vault maps used:
D:1:      lemuel_arrival_tunnels, nrook_mini_vaults, kennysheep_doodads,
          hangedman_feature_mirror
D:2:      uniq_jessica
D:3:      minmay_bisected

Skill      XL: |  1  2  3  4 |
---------------+-------------+-----
Dodging        | 4 |  4.3
Unarmed Combat | 5 |  5.7
Fighting       | 3 |  3.1
Stealth        | 4 |  4.2

Action                   |  1- 3 |  4- 6 || total
-------------------------+-------+-------++-------
Melee: Unarmed           |    97 |    74 ||   171
       Bite              |     8 |     9 ||    17
       Punch             |     1 |     1 ||     2
 Stab: Sleeping          |     5 |     5 ||    10
  Eat: Corpse            |    11 |    10 ||    21
Armor: Robe              |    14 |     4 ||    18
Dodge: Dodged            |    63 |    47 ||   110
